details: 'timg4strok(ranHU)vsvmware(HU)'

« prev index next »

General information

Mini Map

Players

team 1
Humanvmware (yellow | 104 APM | 1037 actions | 09:58)
Hero icon 2 Archmage
Ability icon 1 Summon Water Elemental
Ability icon 1 Brilliance Aura

» actions
Assign group hotkey23
Basic commands14
Build / train50
Enter build submenu16
Enter hero's abilities submenu2
Right click638
Select / deselect192
Select group hotkey45
Use ability57
1037 total
» units
Peasant19
Footman13
32 total
» buildings
Altar of Kings1
Farm4
Barracks1
Scout Tower5
Arcane Tower13
Arcane Vault1
Town Hall1
Lumber Mill1
27 total
» build order
00:09 Altar of Kings
00:16 Farm
00:21 Barracks
01:03 Farm
01:46 Scout Tower
01:52 Farm
02:32 Arcane Tower
02:32 Arcane Tower
04:00 Scout Tower
04:37 Arcane Tower
04:37 Arcane Tower
05:06 Scout Tower
05:21 Arcane Vault
05:56 Town Hall
06:02 Arcane Tower
06:02 Arcane Tower
06:49 Farm
07:44 Scout Tower
07:46 Scout Tower
07:54 Lumber Mill
08:13 Arcane Tower
08:14 Arcane Tower
08:37 Arcane Tower
» items
Lesser Clarity Potion1
Scroll of Regeneration1
2 total
team 2
Random» HumanDIRTMCWORDUP (pink | 112 APM | 1123 actions | 10:00)
Hero icon 3 Archmage
Ability icon 2 Summon Water Elemental
Ability icon 1 Brilliance Aura
Hero icon 2 Mountain King
Ability icon 1 Storm Bolt
Ability icon 1 Bash

» actions
Assign group hotkey20
Basic commands56
Build / train32
Enter build submenu15
Enter hero's abilities submenu5
Right click554
Select / deselect115
Select group hotkey290
Use ability36
1123 total
» units
Peasant8
Footman7
Priest2
Spell Breaker1
18 total
» upgrades
Priest Training1
Sorceress Training1
2 total
» buildings
Altar of Kings1
Barracks1
Farm9
Keep1
Arcane Vault1
Scout Tower1
Arcane Tower1
Arcane Sanctum2
17 total
» build order
00:05 Altar of Kings
00:11 Barracks
00:15 Farm
00:50 Farm
00:53 Farm
01:42 Farm
02:15 Farm
03:39 Keep
04:52 Arcane Vault
04:55 Scout Tower
04:58 Farm
05:25 Farm
05:35 Arcane Tower
06:05 Arcane Sanctum
06:07 Arcane Sanctum
08:05 Farm
08:27 Farm
» items
Scroll of Regeneration2
Mechanical Critter1
3 total